[Event "*** Titled Tuesday 3|2 Blitz"]
[Site "Chess.com"]
[Date "2017.06.06"]
[Round "6"]
[White "TomsKantans"]
[Black "mwpchess"]
[Result "0-1"]
[WhiteElo "2473"]
[BlackElo "2477"]
[TimeControl "180+2"]
[EndTime "15:04:24 PDT"]
[Termination "mwpchess won on time"]

1. e4 c6 2. d4 d5 3. e5 Bf5 4. Nf3 e6 5. Be2 c5 6. Be3 Qb6 7. Nc3 Nc6 8. O-O Qxb2 9. Qe1 cxd4 10. Bxd4 Nxd4 11. Nxd4 Bb4 12. Ndb5 Ba5 13. Rb1 Qxc2 14. Rc1 Qb2 15. g4 Bg6 16. f4 Ne7 17. Nd6+ Kf8 18. f5 exf5 19. gxf5 Nxf5 20. Nxf5 Rc8 21. Nb5 Qxc1 22. Qxc1 Rxc1 23. Rxc1 Bxf5 24. Nd6 Bb6+ 0-1

[Event "*** Titled Tuesday 3|2 Blitz"]
[Site "Chess.com"]
[Date "2017.06.06"]
[Round "6"]
[White "Aikiigm"]
[Black "Vamostodorecto"]
[Result "1-0"]
[WhiteElo "2426"]
[BlackElo "2317"]
[TimeControl "180+2"]
[EndTime "15:04:32 PDT"]
[Termination "Aikiigm won by resignation"]

1. e4 e5 2. Bc4 Nf6 3. d3 Nc6 4.
Bb3 Bc5 5. Bg5 d6 6. Nc3 h6 7. Bh4 Be6 8. Nge2 g5 9. Bg3 Nh5 10.
Na4 Bb6 11. Nxb6 axb6 12. Bxe6 fxe6 13. d4 Nxg3 14. hxg3 Qf6 15. d5 exd5 16. Qxd5 Ke7 17. g4 Rhf8 18. f3 Ra5 19. Qd2 Qe6 20. a3 Rf6 21.
Ng3 Nd4 22. Rd1 Qc4 23. Nf5+ Nxf5 24. gxf5 Rc5 25. c3 Ra5 26. Kf2 Ra8 27. g4 Qc5+ 28.
Kg3 Rh8 29. Rh5 Qa5 30. Rdh1 Qa8 31. R1h3 Qg8 32. a4 Kd7 33. Qe2 Qb3 34. Qb5+ Qxb5 35. axb5 c6 36. Rxg5 cxb5 37. Rg7+ Kc6 38. g5 Rff8 39.
Rxh6 Rhg8 40. Rxg8 Rxg8 41. g6 Kd7 42. Kg4 1-0

[Event "*** Titled Tuesday 3|2 Blitz"]
[Site "Chess.com"]
[Date "2017.06.06"]
[Round "6"]
[White "DanielNaroditsky"]
[Black "Paul66666"]
[Result "1-0"]
[WhiteElo "2749"]
[BlackElo "2559"]
[TimeControl "180+2"]
[EndTime "15:04:34 PDT"]
[Termination "DanielNaroditsky won by resignation"]

1. e4 c5 2. Nf3 d6 3. d4 Nf6 4.
dxc5 Nxe4 5. cxd6 Nxd6 6. Nc3 Nc6 7. Bd3 Bg4 8. O-O e6 9. Bf4 Be7 10. h3 Bh5 11. Re1 O-O 12. Bxh7+ Kxh7 13. Ng5+ Bxg5 14. Qxh5+ Bh6 15. Rad1 e5 16. Bxh6 gxh6 17. Ne4 Nd4 18. Qxe5 N6f5 19. c3 f6 20. Qc5 b6 21. Qc4 Rc8 22. Qa6 Rc7 23. cxd4 Nxd4 24. Qd3 f5 25. Qxd4 Qxd4 26. Rxd4 fxe4 27. Rdxe4 Rc2 28. R1e2 Rfc8 29. Rxc2 Rxc2 30. Re7+ Kg6 31. Rxa7 Rxb2 32. g4 h5 33. Kg2 h4 34. a4 Kg5 35. Rf7 1-0

[Event "*** Titled Tuesday 3|2 Blitz"]
[Site "Chess.com"]
[Date "2017.06.06"]
[Round "6"]
[White "angieflynn"]
[Black "metalbattler"]
[Result "0-1"]
[WhiteElo "1776"]
[BlackElo "2027"]
[TimeControl "180+2"]
[EndTime "15:04:35 PDT"]
[Termination "metalbattler won by resignation"]

1. Nf3 d5 2. c4 c6 3. b3 Nf6 4.
Bb2 Bf5 5. d3 e6 6. g3 Bb4+ 7.
Nbd2 O-O 8. Bg2 Qe7 9. O-O Ba3 10. Qc2 Bxb2 11. Qxb2 a5 12. Nh4 Bg4 13. f3 Bh5 14. g4 Bg6 15. Nxg6 hxg6 16. h3 Nbd7 17. f4 e5 18.
fxe5 Nxe5 19. g5 Nh5 20. h4 Ng4 21. Qd4 Qxe2 22. Rf2 Nxf2 23. Qxf2 Qxd3 24. cxd5 cxd5 25. Nf3 Rfe8 26. Bf1 Qe4 27. Re1 Qg4+ 28. Kh2 Qf4+ 29. Kg1 Rxe1 30. Nxe1 Qg4+ 31. Bg2 Re8 32. Nf3 Nf4 33.
Nh2 Nh3+ 0-1

[Event "*** Titled Tuesday 3|2 Blitz"]
[Site "Chess.com"]
[Date "2017.06.06"]
[Round "6"]
[White "sergiochess83"]
[Black "Indianlad"]
[Result "1-0"]
[WhiteElo "2643"]
[BlackElo "2579"]
[TimeControl "180+2"]
[EndTime "15:04:44 PDT"]
[Termination "sergiochess83 won by resignation"]

1. e4 e5 2. Nf3 Nc6 3. Bb5 a6 4. Ba4 Nf6 5. O-O b5 6. Bb3 Bb7 7. d3 Be7 8. a3 O-O 9. Nc3 d6 10. Re1 Qd7 11. h3 Rfe8 12. Be3 Na5 13. Ba2 c5 14. Ne2 Nc6 15. Ng3 d5 16. Bg5 dxe4 17. dxe4 Qc7 18. Nf5 Rad8 19. Qc1 Nd4 20. Nxe5 c4 21. Nxe7+ Qxe7 22. Ng4 Qe6 23. Bxf6 gxf6 24.
c3 Nc6 25. Qf4 Rd6 26. Rad1 Red8 27. Rxd6 Rxd6 28. Nh6+ Kf8 29. Nf5 Ne5 30. Qh6+ 1-0

[Event "*** Titled Tuesday 3|2 Blitz"]
[Site "Chess.com"]
[Date "2017.06.06"]
[Round "6"]
[White "Storne89"]
[Black "Journey_to_GrandMaster_YT"]
[Result "0-1"]
[WhiteElo "2502"]
[BlackElo "2346"]
[TimeControl "180+2"]
[EndTime "15:04:44 PDT"]
[Termination "Journey_to_GrandMaster_YT won by resignation"]

1. e4 d6 2. d4 Nf6 3. Nc3 e5 4.
Nf3 Nbd7 5. Rg1 Be7 6. g4 O-O 7. g5 Nh5 8. Be3 g6 9. Nd5 c6 10. Nxe7+ Qxe7 11. d5 Nf4 12. c4 cxd5 13. cxd5 Nc5 14.
Bxc5 dxc5 15. Qd2 a6 16. O-O-O b5 17. Kb1 Bb7 18. Rg4 Rad8 19. Nxe5 Nxd5 20. exd5 Qxe5 21. Qf4 Rxd5 22. Qxe5 Rxe5 23. Bd3 c4 24. f4 Re7 25.
Bc2 Bf3 0-1

[Event "*** Titled Tuesday 3|2 Blitz"]
[Site "Chess.com"]
[Date "2017.06.06"]
[Round "6"]
[White "SabinaFoisor"]
[Black "proxy6"]
[Result "1-0"]
[WhiteElo "2267"]
[BlackElo "2295"]
[TimeControl "180+2"]
[EndTime "15:04:58 PDT"]
[Termination "SabinaFoisor won by resignation"]

1. d4 Nf6 2. c4 e6 3. Nf3 d5 4. Nc3 Bb4 5. Qc2 c5 6. cxd5 exd5 7. e3 c4 8. Be2 O-O 9. O-O Re8 10. b3 cxb3 11. Qxb3 Nc6 12. Bb2 Be6 13. a3 Bf8 14. Bb5 Rc8 15. Rab1 a6 16. Bxc6 bxc6 17. Na4 c5 18. Nxc5 Bxc5 19. dxc5 d4 20. Qb4 dxe3 21. fxe3 Bf5 22. Rbd1 Qe7 23. Bxf6 Qxe3+ 24. Kh1 gxf6 25. Nh4 Re4 26. Nxf5 Rxb4 27. Nxe3 Rb3 28. Nf5 1-0

[Event "*** Titled Tuesday 3|2 Blitz"]
[Site "Chess.com"]
[Date "2017.06.06"]
[Round "6"]
[White "Keranke"]
[Black "Hikaru"]
[Result "0-1"]
[WhiteElo "2671"]
[BlackElo "2915"]
[TimeControl "180+2"]
[EndTime "15:04:59 PDT"]
[Termination "Hikaru won by resignation"]

1. d4 Nf6 2. Nf3 e6 3. Bf4 d5 4. e3 c5 5. c3 Nc6 6. Nbd2 cxd4 7.
exd4 Nh5 8. Be3 Bd6 9. Ne5 g6 10.
Nxc6 bxc6 11. Be2 Nf4 12. Bf1 O-O 13. g3 Nh5 14. Be2 Ng7 15. Nf3 Rb8 16. Qc2 f6 17. O-O e5 18. dxe5 fxe5 19. Bxa7 Rb7 20. Be3 Bh3 21. Rfd1 Nf5 22. Bg5 Qb6 23. b4 Rbf7 24. c4 e4 25. c5 Qxb4 26. cxd6 exf3 27. Bd3 Nd4 28. Qd2 Qxd6 29. Bh6 Ne2+ 30. Bxe2 fxe2 31.
Qxe2 Rxf2 32. Bxf8 Rxf8 33. Rac1 Qf6 34. a4 h5 35. Re1 c5 36. a5 c4 37. Kh1 c3 38.
a6 d4 39. a7 Qc6+ 40. Kg1 d3 41. Qa2+ Kh7 42. Re7+ Kh6 43. Rf7 d2 0-1

[Event "*** Titled Tuesday 3|2 Blitz"]
[Site "Chess.com"]
[Date "2017.06.06"]
[Round "6"]
[White "ArnaudovP"]
[Black "ChessQueen"]
[Result "1-0"]
[WhiteElo "2423"]
[BlackElo "2494"]
[TimeControl "180+2"]
[EndTime "15:04:59 PDT"]
[Termination "ArnaudovP won by resignation"]

1. e4 c5 2. Nc3 Nc6 3. Bb5 Nd4 4.
Bc4 e6 5. Nge2 a6 6. d3 b5 7. Bb3 Bb7 8. O-O Ne7 9. Nxd4 cxd4 10. Ne2 Nc6 11. f4 Be7 12. f5 Qc7 13. Bf4 e5 14.
Bd2 Na5 15. Ng3 Nxb3 16. axb3 g6 17. Kh1 d5 18. Qf3 O-O-O 19. Ba5 Qd7 20. Bxd8 Rxd8 21.
Rac1 dxe4 22. Nxe4 Kb8 23. fxg6 fxg6 24. Qf7 Bxe4 25.
dxe4 Bg5 26. Qxd7 Rxd7 27. Rcd1 Rc7 28. c3 dxc3 29. bxc3 Kb7 30. Rd3 a5 31. Rfd1 Be7 32. Rd7 a4 33. Rxc7+ Kxc7 34. bxa4 bxa4 35. Kg1 Kc6 36. Kf2 Kb5 37. Ke2 Kc4 38. Kd2 Bd8 39.
Kc2 Ba5 40. Ra1 Kb5 41. Kd3 Bc7 42. Rb1+ Kc5 43. Rb4 1-0

[Event "*** Titled Tuesday 3|2 Blitz"]
[Site "Chess.com"]
[Date "2017.06.06"]
[Round "6"]
[White "Frolik67"]
[Black "Batica1984"]
[Result "1-0"]
[WhiteElo "2321"]
[BlackElo "2537"]
[TimeControl "180+2"]
[EndTime "15:05:12 PDT"]
[Termination "Frolik67 won by resignation"]

1. e4 c5 2. Nf3 e6 3. d3 Nc6 4. g3 g6 5. Bg2 Bg7 6. O-O Nge7 7. c3 O-O 8. Nbd2 d6 9. Re1 b5 10. a4 b4 11. Qc2 Rb8 12. Nc4 Ba6 13. Bf4 e5 14. Be3 Na5 15. Nxa5 Qxa5 16. d4 bxc3 17.
bxc3 exd4 18. cxd4 Nc6 19. Rad1 c4 20. Bf1 Nb4 21.
Qc3 Qxa4 22. Ra1 Qc6 23. Reb1 Na2 24. Qa3 Rxb1 25. Rxb1 Bb7 26. Qxa2 Qxe4 27. Bg2 Bc8 28. Rc1 d5 29. Qxa7 Qf5 30. Qc5 Be6 31. Ng5 Rc8 32. Qd6 Bf8 33. Qe5 Qxe5 34. dxe5 Ba3 35. Rd1 Bg4 36.
Rxd5 c3 37. Ne4 Be6 38. Ra5 Bb2 39. Rc5 Rxc5 40. Nxc5 c2 41. Nd3 Ba3 42. Bc1 Be7 43. Be4 Bc4 44. Ne1 Bc5 45. Nxc2 1-0

[Event "*** Titled Tuesday 3|2 Blitz"]
[Site "Chess.com"]
[Date "2017.06.06"]
[Round "6"]
[White "Quiet_Desperation"]
[Black "penguingm1"]
[Result "0-1"]
[WhiteElo "1981"]
[BlackElo "2605"]
[TimeControl "180+2"]
[EndTime "15:05:16 PDT"]
[Termination "penguingm1 won by resignation"]

1. e4 e5 2. Nf3 Nc6 3. Bb5 a6 4.
Ba4 Nf6 5. d3 d6 6. h3 g6 7. c3 Bg7 8. O-O O-O 9. Re1 b5 10.
Bc2 Bb7 11. Nbd2 Re8 12. Nf1 d5 13. Qe2 Qd6 14. Ng3 Rad8 15. a4 d4 16. axb5 axb5 17. cxd4 Nxd4 18. Nxd4 exd4 19. Qf3 c5 20. Bg5 c4 21. Ra7 Rd7 22. Rxb7 Rxb7 23. e5 Qb6 24. dxc4 bxc4 25. Ba4 Re6 26. Rc1 Rxe5 27. Rxc4 Rxg5 28. Rc8+ Bf8 29. Qa3 Rc5 30. Ra8 Rb8 31. Rxb8 Qxb8 0-1

[Event "*** Titled Tuesday 3|2 Blitz"]
[Site "Chess.com"]
[Date "2017.06.06"]
[Round "6"]
[White "Patov"]
[Black "DryCounty"]
[Result "1/2-1/2"]
[WhiteElo "2313"]
[BlackElo "2470"]
[TimeControl "180+2"]
[EndTime "15:05:16 PDT"]
[Termination "Game drawn by agreement"]

1. e4 e5 2. Nf3 Nc6 3. d4 exd4 4.
Nxd4 Bb4+ 5. Nc3 Nf6 6. Nxc6 bxc6 7. Bd3 d5 8. exd5 Qe7+ 9. Qe2 Qxe2+ 10. Bxe2 cxd5 11.
O-O c6 12. a3 Bd6 13. Bd2 Bf5 14. Rac1 O-O 15. h3 Rab8 16. g4 Bd7 17. Rb1 d4 18. Na4 c5 19. b3 Ne4 20. Rbd1 Nxd2 21. Rxd2 Rfe8 22. Bc4 Bc6 23. Nb2 Bf4 24. Re2 Rxe2 25. Bxe2 Re8 26. Bc4 h5 27. Nd3 Bd6 28. Re1 Rxe1+ 29.
Nxe1 h4 30. Ng2 g5 31. Ne1 Kg7 32. Bd3 Kf6 33. Kf1 Bd7 34. Ke2 Ke7 35. Kf3 f6 36. Bf5 Bc6+ 37. Be4 Bb5 38. Bd3 Be8 39. a4 Bc7 40.
Bb5 Bg6 41. Bd3 Bf7 42. Bc4 Be8 43. Bb5 1/2-1/2

[Event "*** Titled Tuesday 3|2 Blitz"]
[Site "Chess.com"]
[Date "2017.06.06"]
[Round "6"]
[White "Vice64"]
[Black "FastChance"]
[Result "0-1"]
[WhiteElo "2323"]
[BlackElo "2484"]
[TimeControl "180+2"]
[EndTime "15:05:21 PDT"]
[Termination "FastChance won by checkmate"]

1. e4 e6 2. d4 d5 3. Nc3 Nc6 4.
Nf3 Nf6 5. e5 Ne4 6. Bd3 Bb4 7.
Bd2 Nxd2 8. Qxd2 Bd7 9. a3 Ba5 10. O-O O-O 11. b4 Bb6 12. Ne2 f6 13. exf6 Qxf6 14.
b5 Ne7 15. Ne5 Be8 16. c3 Ng6 17. Nxg6 Bxg6 18. Bxg6 hxg6 19. Qe3 Rae8 20. Qd3 Qf5 21. Qd2 e5 22. a4 c6 23. a5 Bc7 24. bxc6 bxc6 25.
Ng3 Qf6 26. Rab1 Bxa5 27. Qd3 Bb6 28. h3 exd4 29. cxd4 Bxd4 30. Kh1 Bb6 31. Rbc1 Qe6 32. Rc2 c5 33. Rd1 Rd8 34. Re2 Qf6 35. Rde1 c4 36. Qc2 Bxf2 37. Rf1 Qg5 38. Ne4 dxe4 39. Qxc4+ Kh7 40.
Rexf2 Rxf2 41. Rxf2 Rd1+ 42. Kh2 Qe5+ 43. g3 e3 44. Re2 Rd2 45. Kg2 Rxe2+ 46. Qxe2 Qd5+ 47. Kf1 Qh1# 0-1

[Event "*** Titled Tuesday 3|2 Blitz"]
[Site "Chess.com"]
[Date "2017.06.06"]
[Round "6"]
[White "Margency"]
[Black "PelinGorki"]
[Result "1-0"]
[WhiteElo "2542"]
[BlackElo "2353"]
[TimeControl "180+2"]
[EndTime "15:05:30 PDT"]
[Termination "Margency won by resignation"]

1. c4 e5 2. Nc3 Nf6 3. g3 d5 4. cxd5 Nxd5 5. Bg2 Nb6 6. e3 Nc6 7.
Nge2 Bg4 8. f3 Be6 9. O-O Qd7 10.
f4 O-O-O 11. Rf2 Bh3 12. Qf1 Bxg2 13. Qxg2 exf4 14. Nxf4 Ne5 15. b3 Bb4 16. Bb2 f6 17. a3 Bxc3 18. Bxc3 Ng4 19. Rff1 h5 20. a4 h4 21. h3 Ne5 22. g4 Nd3 23. a5 Nxf4 24. axb6 Nxg2 25. bxa7 Qc6 26. a8=Q+ Kd7 27. Qa4 b5 28.
Qa6 Qd5 29. Rf5 Qe4 30. Qxb5+ Kc8 31. Qa6+ Kd7 32. Qa4+ Qxa4 33. bxa4 Nxe3 34. dxe3 Ke6 35. Bd4 Rb8 36. a5 1-0

[Event "*** Titled Tuesday 3|2 Blitz"]
[Site "Chess.com"]
[Date "2017.06.06"]
[Round "6"]
[White "1stSecond"]
[Black "nurmiTV"]
[Result "1-0"]
[WhiteElo "2516"]
[BlackElo "2458"]
[TimeControl "180+2"]
[EndTime "15:05:31 PDT"]
[Termination "1stSecond won by resignation"]

1. d4 Nf6 2. c4 e6 3. Nf3 b6 4. g3 Bb7 5. Bg2 Be7 6. O-O O-O 7. Nc3 Ne4 8. Bd2 f5 9. Ne5 Nxc3 10. Bxc3 Bxg2 11.
Kxg2 d6 12. Nd3 Nd7 13. Nf4 Rf6 14. Qd3 g5 15. Nh3 Rh6 16. f3 Qf8 17. e4 f4 18.
Nf2 Rf6 19. e5 Rf7 20. Ng4 Rd8 21. d5 Nc5 22. Qe2 h5 23. dxe6 Nxe6 24. Nf6+ Bxf6 25.
exf6 Re8 26. Qd3 Qh6 27. Rae1 Rff8 28. Qd5 Kf7 29. Re4 fxg3 30. hxg3 c6 31. Qxd6 Nc5 32.
Re7+ Rxe7 33. Qxe7+ Kg8 34. Rd1 h4 35. f7+ Rxf7 36.
Rd8+ Rf8 37. Rxf8+ Qxf8 38. Qxg5+ Kf7 39. Qf5+ Ke8 40.
Qxf8+ Kxf8 41. gxh4 1-0

[Event "*** Titled Tuesday 3|2 Blitz"]
[Site "Chess.com"]
[Date "2017.06.06"]
[Round "6"]
[White "TregubovP"]
[Black "Jadeit90"]
[Result "1-0"]
[WhiteElo "2390"]
[BlackElo "2147"]
[TimeControl "180+2"]
[EndTime "15:05:36 PDT"]
[Termination "TregubovP won by resignation"]

1. d4 g6 2. c4 Bg7 3. Nf3 c5 4. d5 d6 5. Nc3 Nf6 6. h3 O-O 7. e4 e6 8. Bd3 exd5 9. exd5 Na6 10.
O-O Nc7 11. Bf4 a6 12. Qd2 Rb8 13. a4 b5 14. axb5 axb5 15. b3 b4 16. Ne2 Re8 17.
Bg5 h6 18. Bxh6 Ne4 19. Bxe4 Bxa1 20. Bxg6 fxg6 21. Rxa1 Qf6 22. Rf1 Bxh3 23. Bg5 Qf7 24. Ng3 Bg4 25. Nh2 Bd7 26. Bf4 Qf6 27. Bg5 Qf7 28.
Nf3 Bg4 29. Nh4 Kh7 30. f3 Bd7 31. Ne4 Re5 32. Nxd6 Qg7 33. Ne4 Ne8 34. Bf4 Rh5 35. Bxb8 Rxh4 36. Nxc5 Bf5 37. Ne6 Qf6 38. Ng5+ Kg7 39.
Bg3 Rd4 40. Qe3 Rd3 41. Qxe8 Qxg5 42. Be5+ 1-0

[Event "*** Titled Tuesday 3|2 Blitz"]
[Site "Chess.com"]
[Date "2017.06.06"]
[Round "6"]
[White "GMNeiksans"]
[Black "tigra"]
[Result "0-1"]
[WhiteElo "2677"]
[BlackElo "2644"]
[TimeControl "180+2"]
[EndTime "15:05:47 PDT"]
[Termination "tigra won by resignation"]

1. e4 e6 2. d4 d5 3. Nd2 Be7 4.
Ngf3 Nf6 5. Bd3 c5 6. exd5 Qxd5 7. dxc5 Nbd7 8. Nb3 Nxc5 9. Nxc5 Qxc5 10. O-O O-O 11. Be3 Qh5 12. Bd4 Rd8 13. c3 Bd7 14. Ne5 Qxd1 15.
Rfxd1 Ba4 16. b3 Be8 17. Bf1 Nd5 18. c4 Nb4 19. Bc3 Rxd1 20. Rxd1 Nxa2 21. Bb2 Nb4 22. g3 Rd8 23. Ra1 Bc5 24. Bc3 a6 25. Be2 f6 26.
Bxb4 Bxb4 27. Nd3 Bc3 28. Rc1 Bd4 29. Bf3 b6 30. Nb4 a5 31. Nc6 Bxc6 32. Bxc6 Bc5 33. Rc2 h5 34. Kg2 g5 35. f4 g4 36. h3 f5 37. hxg4 hxg4 38. Re2 Kf7 39. Ba4 Rd3 40. Kh2 Kf6 41. Kg2 Bd4 42. Bd7 e5 43. fxe5+ Bxe5 44. Rf2 Rxd7 0-1

[Event "*** Titled Tuesday 3|2 Blitz"]
[Site "Chess.com"]
[Date "2017.06.06"]
[Round "6"]
[White "TenisMaster"]
[Black "wonderfultime"]
[Result "1-0"]
[WhiteElo "2677"]
[BlackElo "2651"]
[TimeControl "180+2"]
[EndTime "15:05:51 PDT"]
[Termination "TenisMaster won by resignation"]

1. e4 c5 2. Nf3 d6 3. d4 cxd4 4.
Nxd4 Nf6 5. Nc3 g6 6. g3 Nc6 7. Bg2 Nxd4 8. Qxd4 Bg7 9. O-O O-O 10.
h3 Qc7 11. Qd1 Be6 12. Nd5 Nxd5 13. exd5 Bf5 14. c3 b5 15. Re1 Rfe8 16. g4 Bd7 17.
Bg5 f6 18. Be3 f5 19. Bd4 fxg4 20. hxg4 Bf6 21. Bxf6 exf6 22. Qd4 Kf7 23. Re6 Bxe6 24. dxe6+ Ke7 25. Bxa8 Rxa8 26. g5 Rf8 27. Qh4 Qc5 28. Qxh7+ Kxe6 29. Re1+ Kf5 30. Qe7 Qc8 31. gxf6 Rxf6 32.
Re3 Re6 33. Qf7+ 1-0

[Event "*** Titled Tuesday 3|2 Blitz"]
[Site "Chess.com"]
[Date "2017.06.06"]
[Round "6"]
[White "Rodalquilar"]
[Black "temiksmozg"]
[Result "1-0"]
[WhiteElo "2540"]
[BlackElo "2443"]
[TimeControl "180+2"]
[EndTime "15:05:58 PDT"]
[Termination "Rodalquilar won on time"]

1. d4 f5 2. c4 Nf6 3. Nc3 d6 4.
g3 g6 5. d5 Bg7 6. Nh3 e5 7. dxe6 Bxe6 8. Ng5 Bg8 9. Qb3 Qc8 10.
Nd5 Nxd5 11. cxd5 h6 12. Qe3+ Kf8 13. Ne6+ Bxe6 14. dxe6 Ke7 15. Bg2 c6 16. Qb3 Na6 17.
Be3 d5 18. Rc1 Rd8 19. O-O Kxe6 20. Rfd1 Qd7 21. Bd2 Kf7 22. Ba5 Rdc8 23. e4 fxe4 24. Bxe4 Qe7 25. Re1 Qd7 26. Rcd1 Re8 27. Rxd5 cxd5 28.
Bxd5+ Kf8 29. Qf3+ Qf5 30. Qa3+ 1-0

[Event "*** Titled Tuesday 3|2 Blitz"]
[Site "Chess.com"]
[Date "2017.06.06"]
[Round "6"]
[White "cstefan"]
[Black "H16"]
[Result "0-1"]
[WhiteElo "2186"]
[BlackElo "2313"]
[TimeControl "180+2"]
[EndTime "15:06:00 PDT"]
[Termination "H16 won by resignation"]

1. Nf3 c5 2. g3 Nc6 3. Bg2 g6 4.
O-O Bg7 5. d3 e6 6. e4 Nge7 7.
c3 d5 8. Qe2 h6 9. Na3 b6 10. Nb5 a6 11. Na3 b5 12. Nc2 a5 13.
e5 Ba6 14. Rd1 Qc7 15. Re1 g5 16. h3 Ng6 17. d4 b4 18. Qd1 a4 19. a3 bxc3 20. bxc3 Na5 21. Be3 Nb3 22. Rb1 Ne7 23. g4 Nc6 24. dxc5 Nca5 25. Nb4 Nc4 26. Bd4 Nxa3 27. Rxb3 axb3 28. Qxb3 Bc4 29. Qd1 Nb5 30. Nd2 Ba2 31. Nxa2 Rxa2 32. Qb3 Qa5 33. Nf3 O-O 34. h4 Nxd4 35. cxd4 gxh4 36. Nxh4 Qxe1+ 37. Bf1 Qxf2+ 0-1

[Event "*** Titled Tuesday 3|2 Blitz"]
[Site "Chess.com"]
[Date "2017.06.06"]
[Round "6"]
[White "jcibarra"]
[Black "Divertissement"]
[Result "1-0"]
[WhiteElo "2641"]
[BlackElo "2418"]
[TimeControl "180+2"]
[EndTime "15:06:00 PDT"]
[Termination "jcibarra won by checkmate"]

1. e4 c5 2. Nf3 Nc6 3. d4 cxd4 4.
Nxd4 Qb6 5. Nb3 Nf6 6. Nc3 e6 7. a3 Be7 8. Bf4 O-O 9. Bd6 a5 10.
Na4 Qd8 11. f3 Ne8 12. Bxe7 Qxe7 13. Nb6 Rb8 14. Qd2 Qf6 15. O-O-O Nc7 16. Nxa5 d5 17. Nb3 dxe4 18. fxe4 e5 19. Bc4 Be6 20. Rhf1 Qg6 21. Nc5 Nd4 22. Nxe6 Ncxe6 23. Nd7 Rfc8 24. Nxe5 Qxe4 25.
Rde1 Rxc4 26. Nxc4 Qc6 27. Qd3 Rc8 28. Ne3 Nc5 29. Qd1 b5 30. Kb1 Nde6 31. Nd5 Kh8 32. Ne7 Qc7 33. Nxc8 Qxc8 34. Rxf7 b4 35. axb4 Qe8 36. bxc5 Qxf7 37. Rxe6 Qxe6 38. Qd8+ Qg8 39. Qxg8+ Kxg8 40. c6 Kf8 41. c7 Ke7 42. c8=Q h6 43. Qf5 g5 44. Qg6 g4 45. c4 h5 46. c5 h4 47. c6 g3 48. hxg3 h3 49. gxh3 Kd8 50. Qf7 Kc8 51. Qd7+ Kb8 52. Qb7# 1-0

[Event "*** Titled Tuesday 3|2 Blitz"]
[Site "Chess.com"]
[Date "2017.06.06"]
[Round "6"]
[White "Spinaltap"]
[Black "AdrianaNikolova"]
[Result "1-0"]
[WhiteElo "2508"]
[BlackElo "2326"]
[TimeControl "180+2"]
[EndTime "15:06:10 PDT"]
[Termination "Spinaltap won by resignation"]

1. d4 d5 2. c4 c6 3. cxd5 cxd5 4.
Bf4 Nf6 5. e3 a6 6. Bd3 Nc6 7.
Nc3 Bg4 8. Nge2 e6 9. O-O Bd6 10. Qb3 Na5 11. Qc2 Bxe2 12. Nxe2 Rc8 13. Qd2 Nc4 14.
Bxc4 Rxc4 15. Rfc1 Ne4 16. Qd3 b5 17. b3 Rc7 18. Rxc7 Qxc7 19. Rc1 Qd7 20. Qc2 O-O 21. Qc6 Qxc6 22. Rxc6 Bxf4 23. Nxf4 a5 24. f3 Nf6 25.
Nd3 g5 26. Rc7 a4 27. b4 a3 28. Ra7 Rc8 29. Nc5 g4 30. Rxa3 gxf3 31. gxf3 Rc7 32. Ra5 e5 33. Rxb5 exd4 34. exd4 Nd7 35. Nxd7 Rxd7 36. a4 Kf8 37. a5 Rd6 38. Rb7 Rg6+ 39.
Kf2 Ke8 40. b5 Rh6 41. a6 Rxh2+ 42. Ke3 Ra2 43. a7 Ra3+ 44. Kf4 1-0

[Event "*** Titled Tuesday 3|2 Blitz"]
[Site "Chess.com"]
[Date "2017.06.06"]
[Round "6"]
[White "AkshatChandra"]
[Black "AndreyOstrovskiy"]
[Result "1-0"]
[WhiteElo "2736"]
[BlackElo "2529"]
[TimeControl "180+2"]
[EndTime "15:06:19 PDT"]
[Termination "AkshatChandra won by resignation"]

1. d4 Nf6 2. Bf4 d5 3. e3 c5 4. c3 Nc6 5. Nd2 Qb6 6. Qb3 c4 7. Qc2 Bg4 8. e4 e6 9. Be2 Bxe2 10. Nxe2 Be7 11. O-O O-O 12. Ng3 Qd8 13. Rae1 b5 14. e5 Nd7 15. Nf3 Re8 16. Qd2 Nf8 17. Nh5 Ng6 18.
Bg5 b4 19. g3 Rb8 20. h4 bxc3 21. bxc3 Qa5 22. Bh6 Bf8 23. Bxg7 Bxg7 24. Nxg7 Kxg7 25. h5 Qa3 26. hxg6 hxg6 27. Kg2 Rh8 28. Rh1 Qe7 29. Qf4 Rbg8 30. Ng5 Nd8 31. Rb1 Rf8 32. a4 f6 33.
exf6+ Qxf6 34. Rxh8 Rxh8 35. Qc7+ Nf7 36. Nxf7 Qxf7 37. Qe5+ 1-0

[Event "*** Titled Tuesday 3|2 Blitz"]
[Site "Chess.com"]
[Date "2017.06.06"]
[Round "6"]
[White "Kawhi_Leonard2"]
[Black "Jahonas"]
[Result "1-0"]
[WhiteElo "2197"]
[BlackElo "2206"]
[TimeControl "180+2"]
[EndTime "15:06:19 PDT"]
[Termination "Kawhi_Leonard2 won by resignation"]

1. e4 c6 2. d4 d5 3. Nd2 dxe4 4.
Nxe4 Bf5 5. Ng3 Bg6 6. h4 h6 7. Nf3 Nd7 8. h5 Bh7 9. Bd3 Bxd3 10. Qxd3 Qc7 11. Bd2 Ngf6 12. O-O-O O-O-O 13. c4 e5 14. Bc3 exd4 15. Nxd4 Bd6 16. Ngf5 Nc5 17. Nxd6+ Rxd6 18. Qf5+ Ne6 19. Nxe6 Rxe6 20. Rhe1 Re8 21. Rxe6 Rxe6 22. Re1 Qd7 23. Rxe6 Qxe6 24. Qxe6+ fxe6 25. Bxf6 gxf6 26. g4 e5 27. Kd2 Kd7 28. Kd3 Ke6 29. Ke4 c5 30. b3 b6 31. a3 a6 32. b4 cxb4 33. axb4 Kd6 34. Kd3 Kc6 35. Kc3 a5 36. Kb3 e4 37.
Ka4 axb4 38. Kxb4 Kd6 39. Kb5 Ke5 40. Kxb6 Kf4 41. c5 Kf3 42. c6 Kxf2 43. c7 e3 44.
c8=Q e2 45. Qf5+ Kg2 46. Qe4+ Kf2 47. Qf4+ Kg2 48. Qe3 Kf1 49. Qf3+ 1-0

[Event "*** Titled Tuesday 3|2 Blitz"]
[Site "Chess.com"]
[Date "2017.06.06"]
[Round "6"]
[White "olgerts_indricans"]
[Black "saraswathii"]
[Result "0-1"]
[WhiteElo "2302"]
[BlackElo "2275"]
[TimeControl "180+2"]
[EndTime "15:06:19 PDT"]
[Termination "saraswathii won by resignation"]

1. e4 c5 2. Nf3 e6 3. b3 Nc6 4.
Bd3 d5 5. O-O Nf6 6. exd5 exd5 7. Re1+ Be7 8. h3 O-O 9. Bb2 h6 10. Nc3 Be6 11. Bf1 Qd7 12. d4 cxd4 13. Nxd4 Nxd4 14. Qxd4 b6 15. Bb5 Qc7 16. Bd3 Rad8 17. Nb5 Qd7 18. a4 Nh5 19. Qe3 Bg5 20. Qf3 Nf4 21.
Bf1 Bf5 22. h4 Bg4 23. Qg3 Nh5 24. Qd3 Bxh4 25. Nd4 Rfe8 26. Qc3 Rxe1 27. Rxe1 Qd6 28. Be2 Bxe2 29. Rxe2 Bf6 30. Qf3 Nf4 31. Re1 Ng6 32.
Nf5 Qb4 33. Rb1 Bxb2 34. Rxb2 Qe1+ 35. Kh2 Qe5+ 36. Qg3 Qxb2 37. Qc7 Qe5+ 38. Qxe5 Nxe5 39. Ne7+ Kf8 40. Nc6 Nxc6 0-1

[Event "*** Titled Tuesday 3|2 Blitz"]
[Site "Chess.com"]
[Date "2017.06.06"]
[Round "6"]
[White "josiwales"]
[Black "hassler2"]
[Result "0-1"]
[WhiteElo "2297"]
[BlackElo "2293"]
[TimeControl "180+2"]
[EndTime "15:06:20 PDT"]
[Termination "hassler2 won by resignation"]

1. e4 c5 2. Nc3 Nc6 3. g3 g6 4.
Bg2 Bg7 5. d3 d6 6. Be3 e6 7.
Qd2 h6 8. Nge2 Nge7 9. d4 cxd4 10. Nxd4 a6 11. O-O-O d5 12. exd5 exd5 13. Rhe1 Ne5 14.
Qe2 O-O 15. Kb1 Nc4 16. Nxd5 Na3+ 17. bxa3 Nxd5 18. Qc4 Nxe3 19. fxe3 Qg5 20. Qd5 Qe7 21. Qb3 Qc5 22. c4 Bf5+ 23. Nxf5 Qxf5+ 24. Qc2 Qe5 25. Rd4 Rad8 26. Red1 Rc8 27. Bd5 Kh7 28. Qd3 b5 29. cxb5 axb5 30. Bb3 Qh5 31. h4 Qf3 32. Rf1 Qxg3 33.
Rxf7 Qe1+ 34. Qd1 Qxe3 35. Rxg7+ Kxg7 36. Rd7+ Kh8 37. Rd3 Qe4 38. Qd2 Kg7 39. Kb2 Qe5+ 40. Rd4 Rfd8 0-1

[Event "*** Titled Tuesday 3|2 Blitz"]
[Site "Chess.com"]
[Date "2017.06.06"]
[Round "6"]
[White "kleinebeer98"]
[Black "kikydu96"]
[Result "1-0"]
[WhiteElo "2453"]
[BlackElo "2316"]
[TimeControl "180+2"]
[EndTime "15:06:27 PDT"]
[Termination "kleinebeer98 won by resignation"]

1. e4 e5 2. Qh5 Nc6 3. Bc4 g6 4.
Qf3 Qf6 5. Nc3 Qxf3 6. Nxf3 Nf6 7. Ng5 Nd8 8. Nb5 Bd6 9. Nxd6+ cxd6 10. d3 Ne6 11. c3 Ke7 12. O-O b6 13. f4 h6 14.
Nh3 Bb7 15. b3 Rac8 16. a4 Ne8 17. Ba3 f6 18. Rf2 N8c7 19. Raf1 Rcf8 20. d4 exd4 21. e5 Ne8 22. cxd4 Nxd4 23. Rd2 Nf5 24. Re1 fxe5 25. fxe5 Kd8 26. Nf4 dxe5 27. Nxg6 d6 28. Nxf8 Rxf8 29.
Rxe5 Kc7 30. Bb5 Neg7 31. Bxd6+ Nxd6 32. Re7+ Kb8 33. Rxg7 Nf5 34. Rf2 Nxg7 35. Rxf8+ 1-0